Map: Acolyte LE

Players

SentiQ

  • Race: Zerg Zerg
  • Spawn Location: 7:00

NerfopTerran - Winner!

  • Race: Zerg Zerg
  • League: Master
  • Spawn Location: 1:00

VOD

Have the link to the VOD?

Description

Time

  • Played on: Sept. 6, 2017, 4:12 a.m.
  • Length: 18:52
Show
View Real Time Build Order
Export as new Build Order

SentiQ Zerg 

Build Orders: Hatch First 

Get SALT Encoding   

  12  0:01  Drone  
  13  0:08  Drone  
  14  0:17  Overlord  
  14  0:35  Drone x3  
  17  0:46  Drone  
  18  0:56  Hatchery  
  17  0:58  Drone  
  17  1:00  Extractor  
  17  1:13  Spawning Pool  
  17  1:15  Drone  
  17  1:23  Drone  
  18  1:29  Overlord  
  18  2:00  Queen, Zergling x4  
  22  2:01  Metabolic Boost  
  22  2:06  Zergling x2  
  25  2:09  Zergling x2  
  25  2:14  Zergling x2  
  27  2:19  Zergling x2  
  28  2:24  Zergling x2  
  28  2:31  Zergling x2  
  28  2:33  Zergling x2  
  28  2:37  Baneling Nest  
  29  2:40  Zergling x2  
  29  2:44  Zergling x2  
  29  3:13  Hatchery  
  28  3:21  Hatchery  
  28  3:22  Baneling x2  
  27  3:27  Overlord  
  26  3:39  Overlord  
  26  3:47  Baneling  
  26  3:48  Baneling  
  26  3:53  Drone x3  
  29  4:03  Drone  
  29  4:04  Extractor  
  29  4:17  Drone x3  
  32  4:29  Drone x2  
  32  4:30  Queen  
  36  4:40  Drone x2  
  38  4:51  Drone x3  
  38  4:52  Drone  
  42  5:00  Lair  
  42  5:04  Drone  
  42  5:07  Drone  
  43  5:19  Queen  
  43  5:20  Drone  
  43  5:21  Drone x2  
  48  5:27  Drone x2  
  49  5:31  Overlord  
  49  5:42  Spine Crawler, Drone  
  49  5:43  Spine Crawler  
  49  5:44  Drone  
  49  5:53  Drone x5  
  49  5:56  Drone, Extractor  
  54  5:57  Extractor  
  54  6:01  Drone  
  54  6:06  Spine Crawler  
  54  6:07  Overlord  
  54  6:10  Overlord  
  53  6:17  Overlord  
  52  6:24  Spire  
  51  6:27  Overlord  
  51  6:32  Drone x4  
  54  6:43  Drone  
  54  6:44  Drone x5  
  60  7:00  Overlord  
  60  7:03  Drone  
  60  7:04  Drone x5  
  60  7:06  Spine Crawler  
  65  7:10  Drone x2  
  65  7:11  Drone x3  
  70  7:22  Overlord  
  70  7:24  Overlord  
  70  7:36  Mutalisk  
  70  7:37  Mutalisk x5  
  70  7:41  Mutalisk x2, Zerg Flyer Armor Level 1  
  86  7:46  Mutalisk  
  86  7:47  Mutalisk  
  86  7:51  Mutalisk x2  
  90  7:52  Mutalisk  
  95  7:58  Overlord x2  
  95  8:04  Extractor  
  95  8:05  Extractor  
  93  8:06  Mutalisk x2  
  96  8:20  Mutalisk  
  96  8:21  Spine Crawler  
  96  8:22  Spine Crawler  
  96  8:23  Spine Crawler  
  96  8:24  Spine Crawler  
  94  8:31  Mutalisk  
  94  8:32  Zergling x2  
  95  8:39  Mutalisk  
  96  8:49  Mutalisk  
  96  8:50  Zergling x18  
  106  9:01  Mutalisk  
  106  9:02  Mutalisk  
  77  9:17  Mutalisk  
  79  9:30  Zergling x18  
  79  9:31  Zergling x6  
  89  9:43  Drone x4  
  89  9:44  Zerg Flyer Weapons Level 1  
  93  9:47  Drone  
  94  9:58  Mutalisk, Zergling x2  
  94  9:59  Zergling x12  
  100  10:24  Mutalisk  
  81  10:31  Mutalisk  
  69  10:38  Zergling x16  
  69  10:42  Drone x3  
  80  10:49  Queen  
  82  10:57  Centrifical Hooks  
  82  10:59  Drone x5  
  82  11:03  Drone  
  88  11:10  Mutalisk  
  88  11:11  Mutalisk  
  90  11:12  Drone x2  
  90  11:13  Drone x2  
  96  11:23  Mutalisk  
  96  11:24  Mutalisk  
  100  11:37  Drone x2  
  100  11:38  Drone x2  
  104  11:43  Drone x2  
  104  11:44  Drone  
  106  11:50  Overseer  
  106  11:53  Pneumatized Carapace  
  106  11:54  Mutalisk  
  106  11:55  Mutalisk  
  110  12:03  Mutalisk x2  
  111  12:26  Overlord x3  
  111  12:33  Overlord x3  
  103  12:37  Zerg Flyer Weapons Level 2  
  103  12:42  Mutalisk x4  
  103  12:44  Mutalisk  
  105  12:50  Overseer  
  105  12:53  Baneling  
  105  12:54  Baneling x6  
  105  12:55  Baneling  
  105  13:01  Baneling x4  
  105  13:03  Baneling  
  105  13:06  Baneling x2  
  105  13:08  Baneling  
  105  13:14  Zergling x2  
  105  13:15  Zergling x20  
  105  13:16  Zergling x2  
  105  13:18  Baneling  
  105  13:19  Baneling x4  
  117  13:26  Baneling x3  
  117  13:27  Zergling x6  
  96  13:56  Zergling x10  
  96  13:57  Zergling x26  
  96  13:59  Baneling x2  
  89  14:26  Mutalisk  
  89  14:27  Mutalisk x5  
  90  14:34  Mutalisk  
  80  14:46  Mutalisk x5  
  86  15:04  Mutalisk  
  86  15:05  Mutalisk x2  
  92  15:08  Mutalisk  
  92  15:20  Mutalisk  
  92  15:21  Mutalisk  
  94  15:22  Zergling x26  
  109  15:44  Zerg Flyer Armor Level 2  
  109  15:45  Hatchery  
  108  15:57  Mutalisk  
  108  15:58  Mutalisk  
  112  16:07  Mutalisk x2  
  114  16:24  Evolution Chamber  
  114  16:25  Evolution Chamber  
  112  16:41  Baneling x15  
  112  16:42  Baneling x3  
  112  16:45  Hatchery  
  111  16:58  Queen  
  111  16:59  Drone, Mutalisk  
  111  17:00  Mutalisk  
  118  17:16  Drone x7  
  118  17:17  Zergling x2  
  118  17:18  Zergling x14  
  129  17:34  Mutalisk x4  
  137  17:52  Drone x7  
  137  17:55  Extractor  
  137  17:56  Spore Crawler  
  137  17:57  Spine Crawler  
  141  17:59  Mutalisk x2  
  130  18:22  Mutalisk  
  130  18:23  Mutalisk x4  
  109  18:33  Zergling x2  
  109  18:34  Zergling x20  
Show
View Real Time Build Order
Export as new Build Order

NerfopTerran Zerg - Winner!

Build Orders: Pool First, Lurkers 

Get SALT Encoding   

  12  0:18  Spawning Pool  
  11  0:21  Drone  
  11  0:26  Drone  
  13  0:31  Drone  
  14  0:41  Overlord  
  14  1:05  Zergling x2  
  14  1:06  Zergling x4  
  17  1:17  Zergling x2  
  18  1:23  Hatchery  
  17  1:29  Zergling x2  
  18  1:35  Queen  
  20  1:44  Drone  
  21  1:53  Overlord  
  21  2:10  Queen  
  21  2:14  Drone x2  
  25  2:32  Drone x2  
  25  2:35  Queen  
  29  2:51  Queen  
  29  2:52  Spine Crawler  
  30  2:58  Drone  
  30  2:59  Drone x3  
  34  3:14  Queen  
  36  3:22  Spine Crawler  
  35  3:35  Drone  
  35  3:37  Overlord  
  36  3:50  Overlord x2  
  36  3:58  Drone x6  
  36  3:59  Evolution Chamber  
  36  4:01  Roach Warren  
  40  4:06  Drone  
  40  4:07  Evolution Chamber  
  40  4:13  Drone x3  
  40  4:17  Drone  
  44  4:20  Extractor  
  44  4:21  Extractor  
  42  4:28  Drone x3  
  45  4:35  Drone x3  
  48  4:55  Drone x5  
  48  4:56  Drone x3  
  56  5:07  Hatchery  
  55  5:20  Zerg Ground Armor Level 1  
  55  5:24  Extractor  
  54  5:29  Drone x3  
  54  5:30  Drone  
  54  5:31  Overlord x4  
  58  5:38  Zerg Melee Weapons Level 1  
  58  5:56  Metabolic Boost  
  58  5:59  Drone x9  
  66  6:20  Queen  
  66  6:23  Roach x7  
  66  6:24  Roach  
  80  6:41  Lair  
  80  6:43  Drone x6  
  80  6:44  Drone  
  87  6:51  Overlord x2  
  87  6:56  Queen, Hatchery  
  88  7:02  Zergling x2  
  88  7:03  Zergling x14  
  96  7:19  Zergling x2  
  96  7:20  Zergling x12  
  103  7:43  Zergling x2  
  105  7:44  Zergling x18  
  105  7:49  Zerg Melee Weapons Level 2  
  105  7:50  Zerg Ground Armor Level 2  
  113  7:52  Ravager  
  113  7:54  Overlord x3  
  113  7:57  Extractor  
  113  7:58  Extractor  
  112  8:00  Extractor  
  111  8:07  Drone x3  
  111  8:09  Drone x3  
  111  8:12  Drone x3  
  120  8:16  Hydralisk Den  
  120  8:19  Overseer  
  119  8:22  Zergling x2  
  119  8:23  Zergling x12  
  88  8:56  Hydralisk  
  88  8:57  Hydralisk  
  88  8:58  Hydralisk x14  
  108  9:08  Spore Crawler  
  108  9:09  Muscular Augments  
  92  9:10  Zergling x14  
  92  9:32  Drone  
  92  9:33  Drone x8  
  100  9:55  Queen x2  
  99  10:00  Hydralisk x3  
  99  10:01  Hydralisk x6  
  112  10:21  Zerg Missile Weapons Level 1  
  99  10:38  Hydralisk x3  
  99  10:39  Hydralisk x3, Hatchery  
  110  10:44  Spore Crawler  
  110  10:45  Spore Crawler  
  110  10:46  Drone  
  110  10:48  Drone  
  110  11:05  Overlord x3  
  110  11:11  Lurker Den  
  110  11:37  Zergling x20  
  110  11:38  Spore Crawler  
  119  11:40  Spore Crawler x2  
  119  11:42  Spore Crawler  
  114  11:48  Drone x5  
  119  12:03  Hydralisk x3  
  119  12:08  Drone x3  
  128  12:22  Hydralisk  
  126  12:23  Hydralisk x3  
  127  12:47  Drone  
  127  12:48  Drone x11  
  139  13:00  Lurker x2  
  139  13:01  Lurker x3  
  139  13:03  Overlord x2  
  144  13:24  Lurker  
  144  13:25  Lurker x4  
  149  13:28  Hydralisk x5  
  149  13:32  Zergling x2  
  160  13:34  Overlord  
  160  13:35  Overlord  
  149  13:56  Hydralisk  
  149  13:57  Hydralisk x6  
  137  14:24  Hydralisk  
  137  14:25  Hydralisk x7  
  126  14:39  Hydralisk x4  
  112  15:10  Hydralisk x5  
  116  15:19  Hatchery  
  110  15:33  Zergling x2  
  111  15:42  Hydralisk  
  111  15:43  Hydralisk x6  
  125  16:03  Hydralisk  
  125  16:04  Hydralisk x4  
  134  16:30  Hydralisk x3  
  140  16:35  Spore Crawler  
  140  16:37  Spore Crawler  
  140  16:38  Spore Crawler  
  137  16:41  Overseer  
  137  16:46  Zergling x6  
  135  17:02  Infestation Pit  
  135  17:08  Lurker x4  
  137  17:09  Lurker  
  137  17:10  Hydralisk  
  137  17:11  Hydralisk x2  
  145  17:27  Extractor  
  136  17:30  Extractor  
  135  17:37  Unknown  
  135  17:53  Hydralisk x7  
  149  18:05  Unknown  
  136  18:25  Hydralisk x5  
Tags
 
Composition
Lurkers
League
Master
Matchup
ZvZ
Race
Zerg
Spawn Locations
Cross Positions
Add a new tag
Caveats
  • Supply blocks, unpowered buildings, or Contaminate may cause inaccurate times.
  • Supply counts are checked every 10 seconds.